 Dungeon Crawl Stone Soup version 0.27-a0-1065-ge809cff456 (webtiles) character file.

Game seed: 5111037010958957677

11878 flotson the Covert (level 11, -23/89 HPs)
             Began as a Gnoll Delver on Apr 22, 2021.
             Was a High Priest of Fedhas.
             Annihilated by an orc knight
             ... wielding a +3 great mace
              (33 damage)
             ... on level 10 of the Dungeon.
             The game lasted 00:29:46 (14095 turns).

flotson the Covert (Gnoll Delver)                  Turns: 14095, Time: 00:29:46

Health: -23/89     AC: 14    Str: 23    XL:     11   Next: 84%
Magic:  4/7        EV: 20    Int:  9    God:    Fedhas [*****.]
Gold:   862        SH:  0    Dex: 18    Spells: 21/23 levels left

rFire    + . .     SeeInvis .   a - +7 quarterstaff of the Protecting Gnat {antimagic, rC+}
rCold    + . .     Faith    +   (shield currently unavailable)
rNeg     . . .     Spirit   .   T - +2 ring mail {rC+}
rPois    .         Reflect  .   w - +0 helmet
rElec    .         Harm     .   M - +1 cloak "Oprerytu" {rC- Str+4 Dex+4}
rCorr    .         Rampage  .   N - +0 pair of gloves
Will     .....                  r - +0 pair of boots
Stlth    ++++......             G - amulet of faith
HPRegen  0.24/turn              C - +4 ring of evasion
MPRegen  0.10/turn              e - ring "Figh" {rF+ Str+4}

@: no status effects
A: fangs 1, strong nose, distributed training
a: Renounce Religion, Wall of Briars, Grow Ballistomycete, Overgrow, Grow Oklob


You were on level 10 of the Dungeon.
You worshipped Fedhas.
Fedhas was extremely pleased with you.
You visited 3 branches of the dungeon, and saw 12 of its levels.

You collected 862 gold pieces.

Inventory:

Hand Weapons
 a - the +7 quarterstaff of the Protecting Gnat (weapon) {antimagic, rC+}
   (You took it off a deep elf pyromancer on level 9 of the Dungeon)

   It reduces the magical energy of the wielder, and disrupts the spells and
   magical abilities of those hit.
   Natural abilities and divine invocations are not affected.
   It protects you from cold.
 b - a +0 war axe of flaming
 c - a +0 halberd
 o - a +0 broad axe
Missiles
 l - 236 arrows
 m - 9 javelins
 q - 32 poisoned darts (quivered)
 s - 113 bolts
 P - a curare-tipped dart
 R - 6 boomerangs of dispersal
 S - 16 boomerangs
Armour
 r - a +0 pair of boots (worn)
 w - a +0 helmet (worn)
 y - a +1 chain mail of willpower
 M - the +1 cloak "Oprerytu" (worn) {rC- Str+4 Dex+4}
   (You found it on level 7 of the Dungeon)

   It affects your strength (+4).
   It affects your dexterity (+4).
   It makes you vulnerable to cold.
 N - a +0 pair of gloves (worn)
 O - a scarf of invisibility
 T - a +2 ring mail of cold resistance (worn)
Jewellery
 e - the ring "Figh" (right hand) {rF+ Str+4}
   (You took it off a deep elf pyromancer on level 9 of the Dungeon)

   [ring of protection from fire]

   It affects your strength (+4).
   It protects you from fire.
 C - a +4 ring of evasion (left hand)
 G - an amulet of faith (around neck)
Wands
 g - a wand of digging (3)
 H - a wand of flame (13)
 J - a wand of iceblast (1)
Scrolls
 d - a scroll of magic mapping
 u - a scroll of blinking {unknown}
 v - 2 scrolls of summoning {unknown}
 z - a scroll of brand weapon {unknown}
 A - 4 scrolls of amnesia {unknown}
 D - 2 scrolls of enchant armour {unknown}
 F - a scroll of immolation {unknown}
 I - 6 scrolls of fog
 L - a scroll of vulnerability {unknown}
 U - 2 scrolls of enchant weapon {unknown}
Potions
 f - a potion of haste
 h - a potion of curing
 i - a potion of brilliance
 j - 3 potions of ambrosia
 k - 2 potions of cancellation
 n - 4 potions of flight
 p - a potion of berserk rage
 t - 2 potions of heal wounds
 x - 3 potions of mutation
 E - 2 potions of lignification
 K - a potion of attraction {unknown}
Miscellaneous
 B - a phantom mirror
 V - a piece from Xom's chessboard (14/15)


   Skills:
 + Level 9.4 Fighting
 + Level 6.6 Short Blades
 + Level 6.6 Long Blades
 + Level 8.2 Axes
 + Level 6.6 Maces & Flails
 + Level 6.6 Polearms
 + Level 6.6 Staves
 + Level 6.6 Slings
 + Level 6.6 Bows
 + Level 6.6 Crossbows
 + Level 6.6 Throwing
 + Level 6.6 Armour
 + Level 8.2 Dodging
 + Level 11.4 Stealth
 + Level 6.6 Shields
 + Level 6.6 Unarmed Combat
 + Level 6.6 Spellcasting
 + Level 5.5 Conjurations
 + Level 5.5 Hexes
 + Level 5.5 Summonings
 + Level 5.5 Necromancy
 + Level 5.5 Translocations
 + Level 5.5 Transmutations
 + Level 5.5 Fire Magic
 + Level 5.5 Ice Magic
 + Level 5.5 Air Magic
 + Level 5.5 Earth Magic
 + Level 5.5 Poison Magic
 + Level 7.3 Invocations
 + Level 6.6 Evocations


You had 21 spell levels left.
You knew the following spells:

 Your Spells              Type           Power      Damage    Failure   Level
a - Ensorcelled Hibernat  Hex/Ice        24%        N/A       4%          2

Your spell library contained the following spells:

 Spells                   Type           Power      Damage    Failure   Level
 Corona                   Hex            13%        N/A       3%          1
 Freeze                   Ice            48%        1d7       3%          1
 Sandblast                Erth           24%        2d8       3%          1
 Passwall                 Tmut/Erth      10%        N/A       4%          2
 Confusing Touch          Hex            12%        N/A       10%         3
 Dazzling Flash           Conj/Hex       24%        N/A       10%         3
 Frozen Ramparts          Ice            24%        1d4       10%         3
 Gell's Gravitas          Tloc           6%         N/A       10%         3
 Ozocubu's Armour         Ice            12%        N/A       10%         3
 Stone Arrow              Conj/Erth      24%        3d8       10%         3
 Tukima's Dance           Hex            12%        N/A       10%         3
 Hailstorm                Conj/Ice       12%        3d5       32%         4
 Petrify                  Tmut/Erth      12%        N/A       32%         4
 Lee's Rapid Deconstruct  Erth           6%         3d7*      65%         5
 Metabolic Englaciation   Hex/Ice        6%         N/A       65%         5
 Yara's Violent Unravell  Hex/Tmut       6%         3d5       65%         5


Dungeon Overview and Level Annotations

Branches:
Dungeon (10/15)            Temple (1/1) D:5             Orc (1/2) D:10
   Lair: D:8-11

Altars:
Ashenzari
Fedhas
Gozag
Kikubaaqudgha
Makhleb
Nemelex Xobeh
Okawaru
Uskayaw
Vehumet
Xom
Yredelemnul
The Shining One
Beogh

Shops:
D:4 *   D:5 [


Innate Abilities, Weirdness & Mutations

You have very sharp teeth.
Your uncanny sense of smell can sniff out nearby items.
Your experience applies equally to all skills.


Message History

The orc knight is lightly wounded.
The orc knight hits you with a +3 great mace!
Items here: ))) [[[.
Items here: )))) [[ ††.
There is a staircase back to the Dungeon, spattered with blood here.
You see here a +1 whip of electrocution.
The orc knight completely misses you.
You climb upwards.
Welcome back to the Dungeon!
There is a staircase to the Orcish Mines here.
You thump the orc knight!
The orc knight is lightly wounded.
The orc knight completely misses you.
You completely miss the orc knight.
The orc knight is lightly wounded.
The orc knight hits you with a +3 great mace!!
You sock the orc knight!
The orc knight is moderately wounded.
The orc knight hits you with a +3 great mace!
You sock the orc knight!
The orc knight is heavily wounded.
The orc knight hits you with a +3 great mace.
* * * LOW HITPOINT WARNING * * *
You hit the orc knight.
The orc knight is heavily wounded.
The orc knight hits you with a +3 great mace!!
* * * LOW HITPOINT WARNING * * *
Okay, then.
Unknown command.
Okay, then.
Unknown command.
Okay, then.
Unknown command.
You feel better.
The orc knight hits you but does no damage.
You see here a +0 giant spiked club.
A briar patch grows up from the ground. x7; The orc knight barely misses you.
You walk carefully through the plants.
The orc knight hits you with a +3 great mace!!
You die...
Fedhas appreciates your contribution to the ecosystem.

#...................#####......
##...#...............## #.##..#
##...................# #.....#
##.................## #.....#
####.#...............###.....#
#.............................
#........................##...
#............PPP..#########.#.
#............@o...8#.....#..##
##...........PPP[..#)....#...#
###.............)>).))._..#...#
#.........[.....[...#)....###..
###..................8#.....# #.#
...............##....######## #.#
...........##..###.........# ##..
...........##..............###...
.....................[.....#.##..


You could see an orc knight (ally target).

Vanquished Creatures
  A hydra (D:9)
  A centaur warrior (D:9)
  2 two-headed ogres (D:9)
  An orc knight (D:10)
  Pikel (D:6)
  An orc sorcerer (D:7)
  A deep elf pyromancer (D:9)
  An ugly thing (D:9)
  A centaur zombie (D:10)
  2 trolls
  A slime creature (D:9)
  Prince Ribbit (D:6)
  A shadow (D:10)
  2 wraiths (D:9)
  3 yaks (D:9)
  A wyvern (D:9)
  2 steam dragons
  A hog (shapeshifter) (D:9)
  A warg (Orc:1)
  An acid dragon (D:9)
  A water moccasin (D:5)
  11 orc warriors
  A sky beast (D:5)
  A necrophage (D:3)
  4 ogres
  6 centaurs
  2 kobold brigands (D:8)
  4 bullfrogs
  3 scorpions
  A wyvern skeleton (D:4)
  A water moccasin skeleton (D:4)
  10 killer bees
  An electric eel (D:7)
  4 hounds
  2 jellies
  7 orc priests
  A bullfrog skeleton (D:6)
  2 gnoll shamans
  2 iguanas
  14 orc wizards
  A hound skeleton (D:4)
  2 howler monkey zombies
  8 gnolls
  14 adders
  2 shadow imps
  A white imp (D:7)
  2 worms
  4 dart slugs
  45 orcs
  9 endoplasms
  7 giant cockroaches
  9 goblins
  12 hobgoblins
  12 jackals
  14 kobolds
  3 quokkas
  8 ball pythons
  8 bats
  4 frilled lizards
  6 rats
275 creatures vanquished.

Vanquished Creatures (collateral kills)
  7 ballistomycete spores (D:9)
7 creatures vanquished.

Vanquished Creatures (others)
  A golden eye (shapeshifter) (D:9)
  An orc wizard (D:8)
  A ballistomycete spore (D:9)
  3 plants (D:5)
6 creatures vanquished.

Grand Total: 288 creatures vanquished

Notes
Turn   | Place    | Note
-------+----------+-------------------------------------------
     0 | D:5      | Reached skill level 9 in Stealth
     0 | D:5      | flotson the Gnoll Delver began the quest for the Orb.
     0 | D:5      | Reached XP level 1. HP: 23/23 MP: 1/1
     1 | D:5      | Found a staircase to the Ecumenical Temple.
    14 | Temple   | Entered the Ecumenical Temple
    21 | Temple   | Became a worshipper of Fedhas Madash
    31 | D:5      | Noticed a scorpion
    76 | D:5      | Noticed a scorpion
    92 | D:5      | Found Lahuc's Antique Armour Shoppe.
   376 | D:3      | Reached XP level 2. HP: 9/29 MP: 2/2
   609 | D:2      | Found a shimmering altar of Xom.
   628 | D:2      | Reached XP level 3. HP: 12/35 MP: 3/3
  1080 | D:1      | Reached skill level 1 in Invocations
  1227 | D:1      | Reached * piety under Fedhas
  1585 | D:1      | Reached skill level 1 in Short Blades
  1585 | D:1      | Reached skill level 1 in Long Blades
  1585 | D:1      | Reached skill level 1 in Maces & Flails
  1585 | D:1      | Reached skill level 1 in Polearms
  1585 | D:1      | Reached skill level 1 in Staves
  1585 | D:1      | Reached skill level 1 in Slings
  1585 | D:1      | Reached skill level 1 in Bows
  1585 | D:1      | Reached skill level 1 in Crossbows
  1585 | D:1      | Reached skill level 1 in Throwing
  1585 | D:1      | Reached skill level 1 in Armour
  1585 | D:1      | Reached skill level 1 in Shields
  1585 | D:1      | Reached skill level 1 in Unarmed Combat
  1585 | D:1      | Reached skill level 1 in Spellcasting
  1585 | D:1      | Reached skill level 1 in Evocations
  1744 | D:1      | Reached XP level 4. HP: 36/41 MP: 5/5
  2139 | D:2      | Reached skill level 1 in Conjurations
  2139 | D:2      | Reached skill level 1 in Hexes
  2139 | D:2      | Reached skill level 1 in Summonings
  2139 | D:2      | Reached skill level 1 in Necromancy
  2139 | D:2      | Reached skill level 1 in Translocations
  2139 | D:2      | Reached skill level 1 in Transmutations
  2139 | D:2      | Reached skill level 1 in Fire Magic
  2139 | D:2      | Reached skill level 1 in Ice Magic
  2139 | D:2      | Reached skill level 1 in Air Magic
  2139 | D:2      | Reached skill level 1 in Earth Magic
  2139 | D:2      | Reached skill level 1 in Poison Magic
  2169 | D:2      | Reached ** piety under Fedhas
  2534 | D:2      | Reached XP level 5. HP: 35/47 MP: 6/6
  3348 | D:3      | Noticed a necrophage
  3350 | D:3      | Killed a necrophage
  3351 | D:3      | Reached XP level 6. HP: 53/53 MP: 8/8
  3476 | D:3      | Found a faded altar of an unknown god.
  3904 | D:4      | Reached skill level 5 in Axes
  3904 | D:4      | Reached skill level 5 in Dodging
  4021 | D:4      | Reached *** piety under Fedhas
  4157 | D:4      | Reached XP level 7. HP: 39/59 MP: 10/10
  4588 | D:4      | Found Qischirghee's General Store.
  4825 | D:5      | Found an opulent altar of Gozag.
  5120 | D:5      | Reached skill level 10 in Stealth
  5416 | D:5      | Reached XP level 8. HP: 52/67 MP: 12/12
  5959 | D:6      | Noticed Prince Ribbit
  5972 | D:6      | Killed Prince Ribbit
  6012 | D:6      | Reached **** piety under Fedhas
  6039 | D:6      | Noticed Pikel
  6065 | D:6      | Killed Pikel
  6066 | D:6      | Reached XP level 9. HP: 48/72 MP: 14/14
  6749 | D:7      | Noticed an orc sorcerer
  6760 | D:7      | Killed an orc sorcerer
  6761 | D:7      | Identified the +1 cloak "Oprerytu" {rC- Str+4 Dex+4}
  7859 | D:8      | Reached skill level 5 in Invocations
  8089 | D:8      | Reached ***** piety under Fedhas
  8224 | D:8      | Reached XP level 10. HP: 21/80 MP: 17/17
  8607 | D:8      | Learned a level 2 spell: Ensorcelled Hibernation
  8837 | D:9      | Noticed a centaur warrior
  8847 | D:9      | Killed a centaur warrior
  8848 | D:9      | Reached skill level 5 in Short Blades
  8848 | D:9      | Reached skill level 5 in Long Blades
  8848 | D:9      | Reached skill level 5 in Maces & Flails
  8848 | D:9      | Reached skill level 5 in Polearms
  8848 | D:9      | Reached skill level 5 in Staves
  8848 | D:9      | Reached skill level 5 in Slings
  8848 | D:9      | Reached skill level 5 in Bows
  8848 | D:9      | Reached skill level 5 in Crossbows
  8848 | D:9      | Reached skill level 5 in Throwing
  8848 | D:9      | Reached skill level 5 in Armour
  8848 | D:9      | Reached skill level 5 in Shields
  8848 | D:9      | Reached skill level 5 in Unarmed Combat
  8848 | D:9      | Reached skill level 5 in Spellcasting
  8848 | D:9      | Reached skill level 5 in Evocations
  9289 | D:9      | Noticed a two-headed ogre
  9507 | D:9      | Killed a two-headed ogre
 10030 | D:9      | Reached skill level 11 in Stealth
 10520 | D:9      | Noticed a white ugly thing
 10638 | D:9      | Noticed a two-headed ogre
 10649 | D:9      | Killed a two-headed ogre
 10650 | D:9      | Reached XP level 11. HP: 87/87 MP: 19/19
 10658 | D:9      | Noticed a green ugly thing
 10658 | D:9      | Identified the ring "Peatseh" {rElec Will+}
 10800 | D:9      | Noticed an orb spider
 11127 | D:9      | Noticed an eight-headed hydra
 11138 | D:9      | Killed a six-headed hydra
 11139 | D:9      | Reached skill level 5 in Conjurations
 11139 | D:9      | Reached skill level 5 in Hexes
 11139 | D:9      | Reached skill level 5 in Summonings
 11139 | D:9      | Reached skill level 5 in Necromancy
 11139 | D:9      | Reached skill level 5 in Translocations
 11139 | D:9      | Reached skill level 5 in Transmutations
 11139 | D:9      | Reached skill level 5 in Fire Magic
 11139 | D:9      | Reached skill level 5 in Ice Magic
 11139 | D:9      | Reached skill level 5 in Air Magic
 11139 | D:9      | Reached skill level 5 in Earth Magic
 11139 | D:9      | Reached skill level 5 in Poison Magic
 11308 | D:9      | Killed a purple ugly thing
 11502 | D:9      | Noticed an orb spider
 11502 | D:9      | a komodo dragon changed into an orb spider
 11560 | D:9      | Identified the +7 quarterstaff of the Protecting Gnat
                  | {antimagic, rC+}
 11560 | D:9      | Identified the ring "Figh" {rF+ Str+4}
 11560 | D:9      | Noticed a deep elf pyromancer
 11920 | D:9      | Killed a deep elf pyromancer
 12002 | D:10     | Entered Level 10 of the Dungeon
 12410 | D:10     | Found a staircase to the Orcish Mines.
 12971 | Orc:1    | Entered Level 1 of the Orcish Mines
 13143 | Orc:1    | Found a burning altar of Makhleb.
 13201 | Orc:1    | Noticed an orc knight
 13377 | D:10     | Killed an orc knight
 14021 | Orc:1    | Noticed an orc knight
 14090 | D:10     | HP: 3/89 [orc knight/+3 great mace (22)]
 14095 | D:10     | Annihilated by an orc knight

Illustrated notes

Levels and vault maps discovered:
D:1:      erik_arrival_blinker_ship, layout_basic, st_stairs_12
D:2:      minmay_inner_zag, layout_basic, basic_altar
D:3:      layout_loops_corners, hellmonk_ecumenical_altar_slurped_away
D:4:      layout_cave_pods, serial_shops, nicolae_shop_crystal
D:5:      layout_basic, lemuel_round_altar, minmay_temple_entry_overgrown,
          serial_shops, shop
D:6:      layout_cave_pools, uniq_prince_ribbit1, uniq_pikel
D:7:      cheibrodos_wizards_tower, layout_basic, serial_park_tiny_pond
D:8:      layout_loops_cross
D:9:      minmay_the_grid_triangle_9x9_rhombus_thin_mashed
          [minmay_the_grid_triangle_9x9_skeleton,
          minmay_the_grid_triangle_9x9_prize_insulated,
          minmay_the_grid_triangle_9x9_swiss_cheese,
          minmay_the_grid_triangle_9x9_odd_lines], layout_basic,
          amcnicky_mini_rare_corridor_liquid, minivault_25
D:10:     layout_cave_pools, minmay_orc_entry_temple_small, special_room
          [special_room_orc]
Temple:   compressed_dpeg_triangle_lava_temple
Orc:1:    layout_caves, basic_altar, nicolae_orc_pool_cavern, library_closet

Skill      XL: |  1  2  3  4  5  6  7  8  9 10 11 |
---------------+----------------------------------+-----
Stealth        | 10 11 | 11.4
Invocations    | 1 2 3 4 5 6 7 |  7.3
Short Blades   | 1 2 3 4 5 6 |  6.6
Long Blades    | 1 2 3 4 5 6 |  6.6
Maces & Flails | 1 2 3 4 5 6 |  6.6
Polearms       | 1 2 3 4 5 6 |  6.6
Staves         | 1 2 3 4 5 6 |  6.6
Slings         | 1 2 3 4 5 6 |  6.6
Bows           | 1 2 3 4 5 6 |  6.6
Crossbows      | 1 2 3 4 5 6 |  6.6
Throwing       | 1 2 3 4 5 6 |  6.6
Armour         | 1 2 3 4 5 6 |  6.6
Shields        | 1 2 3 4 5 6 |  6.6
Unarmed Combat | 1 2 3 4 5 6 |  6.6
Spellcasting   | 1 2 3 4 5 6 |  6.6
Evocations     | 1 2 3 4 5 6 |  6.6
Conjurations   | 1 2 3 4 5 |  5.5
Hexes          | 1 2 3 4 5 |  5.5
Summonings     | 1 2 3 4 5 |  5.5
Necromancy     | 1 2 3 4 5 |  5.5
Translocations | 1 2 3 4 5 |  5.5
Transmutations | 1 2 3 4 5 |  5.5
Fire Magic     | 1 2 3 4 5 |  5.5
Ice Magic      | 1 2 3 4 5 |  5.5
Air Magic      | 1 2 3 4 5 |  5.5
Earth Magic    | 1 2 3 4 5 |  5.5
Poison Magic   | 1 2 3 4 5 |  5.5
Axes           | 5 6 7 8 |  8.2
Dodging        | 5 6 7 8 |  8.2
Fighting       | 7 8 9 |  9.4

Action                   |  1- 3 |  4- 6 |  7- 9 | 10-12 || total
-------------------------+-------+-------+-------+-------++-------
Melee: Halberd           |    99 |       |       |       ||    99
       Hand axe          |     3 |       |       |       ||     3
       Bite              |     8 |    17 |    30 |    56 ||   111
       Dagger            |    18 |   185 |       |       ||   203
       War axe           |       |    24 |   123 |   145 ||   292
       Whip              |       |       |   122 |       ||   122
       Punch             |       |       |     5 |     4 ||     9
       Quarterstaff      |       |       |       |   213 ||   213
Throw: Javelin           |     2 |     1 |    20 |    15 ||    38
       Dart              |       |       |    19 |    36 ||    55
       Throwing net      |       |       |       |     1 ||     1
Invok: Wall of Briars    |       |       |       |     6 ||     6
       Grow Ballistomyce |       |       |       |     3 ||     3
Evoke: Wand              |       |       |     4 |    17 ||    21
       Piece from Xom's  |       |       |       |     4 ||     4
  Use: Potion            |       |       |     3 |     4 ||     7
       Scroll            |       |       |     2 |    13 ||    15
 Stab: Distracted        |     1 |       |     1 |       ||     2
       Sleeping          |    12 |    18 |     6 |     6 ||    42
       Held in net/web   |       |       |       |     2 ||     2
Armor: Leather armour    |    25 |     1 |       |       ||    26
       Ring mail         |       |    67 |    34 |    20 ||   121
       Scale mail        |       |       |    28 |   111 ||   139
Dodge: Dodged            |    95 |   117 |   250 |   318 ||   780

Table legend: (Time is in decaauts)
 A = Elapsed time spent in this place.
 B = Non-inter-level travel time spent in this place.
 C = Inter-level travel time spent in this place.
 D = Time resting spent in this place.
 E = Time spent auto-exploring this place.
 F = Levels seen in this place.
 G = Mean time per level.
                   A        B        C        D        E       F      G
               +--------+--------+--------+--------+--------+-----+--------+
         Total |  14152 |  13774 |    378 |   2808 |   8244 |  12 | 1179.3 |
       Dungeon |  13748 |  13380 |    368 |   2808 |   8094 |  10 | 1374.8 |
        Temple |     14 |      7 |      7 |      0 |      0 |   1 |   14.0 |
  Orcish Mines |    389 |    386 |      3 |      0 |    150 |   1 |  389.0 |
               +--------+--------+--------+--------+--------+-----+--------+

Top non-repeatable levels by time:
     D:9: 2800 daAuts
     D:8: 1852 daAuts
    D:10: 1699 daAuts
     D:2: 1534 daAuts
     D:1: 1131 daAuts
     D:4: 1019 daAuts
     D:5: 1004 daAuts
     D:6: 978 daAuts
     D:3: 887 daAuts
     D:7: 839 daAuts
   Orc:1: 389 daAuts
  Temple: 14 daAuts
